 Dungeon Crawl Stone Soup version 0.29-a0-1047-g7c58e11 (webtiles) character file.

Game seed: 17178561377477478057

4 MrTaco21 the Shield-Bearer (level 1, -2/14 HPs)
             Began as a Gargoyle Fighter on Aug 16, 2022.
             Slain by Sigmund
             ... wielding a +0 scythe
              (5 damage)
             ... on level 2 of the Dungeon.
             The game lasted 00:00:59 (153 turns).

MrTaco21 the Shield-Bearer (Gargoyle Fighter)        Turns: 153, Time: 00:00:59

Health: -2/14      AC:  9    Str: 19    XL:     1   Next: 60%
Magic:  2/2        EV:  9    Int:  8    God:
Gold:   15         SH:  4    Dex:  9    Spells: 2/2 levels left

rFire   . . .      SeeInvis .   a - +0 flail
rCold   . . .      Faith    .   c - +0 buckler
rNeg    + . .      Spirit   .   b - +0 scale mail
rPois   ∞          Reflect  .   (no helmet)
rElec   +          Harm     .   (no cloak)
rCorr   .          Rampage  .   (no gloves)
Will    .....                   (no boots)
Stlth   ..........              (no amulet)
HPRegen 0.04/turn               (no ring)
MPRegen 0.08/turn               (no ring)

@: no status effects
A: sickness immunity, AC +2, negative energy resistance 1, electricity
resistance, torment resistance 1, petrification resistance
a: no special abilities


You were on level 2 of the Dungeon.
You visited 1 branch of the dungeon, and saw 2 of its levels.

You collected 15 gold pieces.

Inventory:

Hand Weapons
 a - a +0 flail (weapon)
Armour
 b - a +0 scale mail (worn)
 c - a +0 buckler (worn)
 g - a +0 robe
   (You found it on level 1 of the Dungeon)
 h - a +0 robe
   (You found it on level 2 of the Dungeon)
Scrolls
 e - a scroll of identify {unknown}
 i - a scroll of butterflies {unknown}
Potions
 d - a potion of might
 f - a potion of berserk rage {unknown}


   Skills:
 - Level 3.2 Fighting
 - Level 2.0 Maces & Flails
 - Level 3.2 Armour
 - Level 3.2 Shields
 + Level 1.0 Spellcasting


You had 2 spell levels left.
You didn't know any spells.
Your spell library was empty.

Dungeon Overview and Level Annotations

Branches:
Dungeon (1/15)

Altars:

Annotations:
D:2 Sigmund


Innate Abilities, Weirdness & Mutations

You are immune to sickness and miasma.
Your stone body is resilient. (AC +2)
You are immune to poison.
You resist negative energy. (rN+)
You are resistant to electric shocks. (rElec)
You are resistant to unholy torment.
You are immune to petrification.


Message History

You see here 4 stones.
You open the door.
There is an open door here.
Sigmund and an endoplasm come into view.
Sigmund moves out of view.
Sorry, you're not good enough to have a special ability.
Sigmund gestures at you while chanting.
The magic dart hits you but does no damage.
A kobold comes into view. It is wielding a +0 whip.
Found a stone staircase leading down.
The kobold shouts!
An endoplasm comes into view.
The endoplasm hits you but does no damage.
The kobold moves out of view.
Unknown command.
The endoplasm quivers.
The endoplasm freezes you.
You are frozen.
Sigmund closely misses you. The endoplasm barely misses you.
The endoplasm attacks as you move away! The endoplasm closely misses you.
Sigmund casts a spell.
Sigmund flickers and vanishes!
Deactivating autopickup; reactivate with Ctrl-A.
The endoplasm hits you but does no damage.
The endoplasm freezes you.
You are frozen.
You open the door.
A bat comes into view.
Something hits you but does no damage.
The endoplasm jiggles.
The endoplasm hits you but does no damage.
The endoplasm freezes you.
You are frozen.
* * * LOW HITPOINT WARNING * * *
Found a scale mail and a sedimented yellow potion.
The endoplasm attacks as you move away! You block the endoplasm's attack.
The endoplasm attacks as you move away! The endoplasm closely misses you.
The bat barely misses you. The kobold hits you with a +0 whip.
* * * LOW HITPOINT WARNING * * *
The bat hits you.
* * * LOW HITPOINT WARNING * * *
The bat attacks as you move away! You block the bat's attack.
The bat barely misses you.
Unknown command.
The bat barely misses you. You block the bat's attack.
There is a stone staircase leading down here.
The bat hits you but does no damage.
The endoplasm hits you but does no damage.
Something hits you.
You die...

#....####.#....#
#..............#
+..... #......#
##....####......#
####...............#
#..................##
#....................
#....J...............
#...@K.J......#......
###.b##'#######......
#..##.# #######
#.....# #....[.
#..!... #.......
#.......


You could see 2 endoplasms, a bat and a kobold.

Vanquished Creatures
  A dart slug (D:1)
  A ball python (D:1)
  A frilled lizard (D:1)
3 creatures vanquished.

Notes
Turn   | Place    | Note
-------+----------+-------------------------------------------
     0 | D:1      | MrTaco21 the Gargoyle Fighter began the quest for the Orb.
     0 | D:1      | Reached XP level 1. HP: 14/14 MP: 1/1
    57 | D:1      | Reached skill level 1 in Spellcasting
    79 | D:1      | You fall into a shaft and drop 1 floor!
   140 | D:2      | Noticed Sigmund
   153 | D:2      | Slain by Sigmund

Illustrated notes

Levels and vault maps discovered:
D:1:      minmay_arrival_up_and_down, layout_basic
D:2:      layout_basic, uniq_natasha, uniq_sigmund

Skill      XL: |  1 |
---------------+----+-----
Spellcasting   | 1 |  1.0
Fighting       | |  3.2
Maces & Flails | |  2.0
Armour         | |  3.2
Shields        | |  3.2

Action                   || total
-------------------------++-------
Melee: Flail             ||     6
Armor: Scale mail        ||    11
Dodge: Dodged            ||     7
Block: Buckler           ||     5

Table legend: (Time is in decaauts)
 A = Elapsed time spent in this place.
 B = Non-inter-level travel time spent in this place.
 C = Inter-level travel time spent in this place.
 D = Time resting spent in this place.
 E = Time spent auto-exploring this place.
 F = Levels seen in this place.
 G = Mean time per level.
                   A        B        C        D        E       F      G
               +--------+--------+--------+--------+--------+-----+--------+
         Total |    154 |    154 |      0 |      0 |    112 |   2 |   77.0 |
       Dungeon |    154 |    154 |      0 |      0 |    112 |   2 |   77.0 |
               +--------+--------+--------+--------+--------+-----+--------+

Top non-repeatable levels by time:
     D:1: 81 daAuts
     D:2: 73 daAuts
